 Dungeon Crawl Stone Soup version 0.28-a0-1038-g9c4cb8273d (webtiles) character file.

Game seed: 17814818099064493032

8806 spaghetti the Basher (level 11, 0/75 HPs)
             Began as a Mummy Berserker on Dec 9, 2021.
             Was an Elder of Trog.
             Slain by Rupert (38 damage)
             ... on level 3 of the Lair of Beasts.
             The game lasted 00:14:36 (12373 turns).

spaghetti the Basher (Mummy Berserker)             Turns: 12373, Time: 00:14:48

Health: 0/75       AC: 23    Str: 25    XL:     11   Next: 14%
Magic:  11/11      EV:  9    Int:  7    God:    Trog [****..]
Gold:   640        SH: 13    Dex: 11    Spells: 10/10 levels left

rFire   . . .      SeeInvis +   w - +2 morningstar (freeze)
rCold   + . .      Faith    +   z - +6 kite shield of Daffodils {rElec rF+ Slay+2}
rNeg    + + +      Spirit   .   u - +0 plate armour
rPois   ∞          Reflect  .   k - +2 helmet {SInv}
rElec   +          Harm     .   (no cloak)
rCorr   .          Rampage  .   D - +0 pair of gloves
Will    +....                   v - +0 pair of boots
Stlth   ..........              E - amulet of faith
HPRegen 0.22/turn               g - +4 ring of protection
MPRegen 0.12/turn               t - +4 ring of evasion

@: no status effects
A: cold resistance 1, negative energy resistance 3, torment resistance 2, heat
vulnerability 1, no potions
a: Renounce Religion, Trog's Hand, Brothers in Arms


You were on level 3 of the Lair of Beasts.
You worshipped Trog.
Trog was greatly pleased with you.
You visited 2 branches of the dungeon, and saw 12 of its levels.
You also visited: Sewer.

You collected 640 gold pieces.

Inventory:

Hand Weapons
 a - a +0 mace
 b - the +8 dagger of the Empty Page {flame, rC+ Will+ rCorr Str+2}
   (You found it on level 8 of the Dungeon)

   It burns those it strikes, dealing additional fire damage.
   Str:       It affects your strength (+2).
   rC:        It protects you from cold.
   rCorr:     It protects you from acid and corrosion.
   Will:      It increases your willpower.
 h - a +2 short sword of venom
 w - a +2 morningstar of freezing (weapon)
Armour
 k - a +2 helmet of see invisible (worn)
 u - a +0 plate armour (worn)
 v - a +0 pair of boots (worn)
 z - the +6 kite shield of Daffodils (worn) {rElec rF+ Slay+2}
   (You acquired it on level 1 of the Lair of Beasts)

   Slay:      It affects your accuracy & damage with ranged weapons and melee
   (+2).
   rF:        It protects you from fire.
   rElec:     It insulates you from electricity.
 D - a +0 pair of gloves (worn)
Jewellery
 e - an amulet of guardian spirit
 g - a +4 ring of protection (left hand)
 s - a ring of protection from cold
 t - a +4 ring of evasion (right hand)
 B - a ring of protection from cold
 C - an amulet of magic regeneration
 E - an amulet of faith (around neck)
Wands
 r - a wand of mindburst (16)
 F - a wand of polymorph (4)
Scrolls
 c - 3 scrolls of fear
 f - 3 scrolls of enchant weapon
 i - 2 scrolls of brand weapon
 j - 2 scrolls of blinking {unknown}
 l - 4 scrolls of magic mapping {unknown}
 m - 2 scrolls of immolation
 n - a scroll of fog
 o - a scroll of silence {unknown}
 p - 3 scrolls of amnesia {unknown}
 q - a scroll of summoning {unknown}
 x - 2 scrolls of teleportation {unknown}
 y - 4 scrolls of enchant armour
 A - a scroll of vulnerability {unknown}
 G - 2 scrolls of identify


   Skills:
 - Level 3.0 Fighting
 + Level 2.1 Short Blades
 + Level 12.6 Maces & Flails
 - Level 7.3 Armour
 - Level 1.5 Dodging
 + Level 1.0 Shields


You had 10 spell levels left.
You didn't know any spells.
Your spell library was empty.

Dungeon Overview and Level Annotations

Branches:
Dungeon (9/15)             Temple (0/1) D:4            Lair (3/6) D:8
 Shoals (0/4) Lair:2       Spider (0/4) Lair:2        Sewer (visited)
    Orc: D:9-12

Altars:

Annotations:
Lair:3 Rupert


Innate Abilities, Weirdness & Mutations

You are immune to poison.
Your flesh is cold resistant. (rC+)
You are immune to negative energy. (rN+++)
You are immune to unholy pain and torment.
You are vulnerable to heat. (rF-)
You do not drink.


Message History

The cane toad stings you but does no damage.
Your shield prevents you from hitting the cane toad.
The cane toad is almost dead.
The cane toad barely misses you.
You puncture the cane toad! You freeze the cane toad.
You kill the cane toad!
Trog accepts your kill.
Your Shields skill increases to level 1!
No target in view!
No target in view!
No target in view!
No target in view!
No target in view!
You see here a cane toad corpse.
There is a stone staircase leading down here.
Found a rapier.
Found 15 stones.
You now have 640 gold pieces (gained 27).
Rupert the Wild comes into view.
He is wielding a +1 vorpal executioner's axe.
Rupert is nearby!
Found an escape hatch in the floor.
You can't drink.
As you read the scroll of torment, it crumbles to dust.
You feel a surge of unholy energy.
Rupert convulses!
Your ogre goes berserk!
Okay, then.
Rupert roars madly and goes into a rage!
Rupert goes berserk!
Aiming: Mindburst
Press: ? - help, Shift-Dir - straight line, f - Rupert
Aim: Rupert, wielding a +1 vorpal executioner's axe and wearing a +0 scale mail (heavily wounded, berserk, ally target, chance to affect: 7%) Rupert resists with almost no effort.
Rupert closely misses you.
You impale Rupert!! You freeze Rupert.
Rupert is heavily wounded.
Rupert hits you with a +1 vorpal executioner's axe!!
Rupert hits your ogre with a +1 vorpal executioner's axe!
Your ogre hits Rupert with a +0 giant spiked club!!!
Rupert hits you with a +1 vorpal executioner's axe!!!
Ouch! That really hurt!
You die...

# #.............. #
##.....<....... ##
#^............ .###
#............. ...##
##............. ....#
#.............. ....####
####..............
.......###.................
.)......#...#PP#@O.........
..........#######@......
..........# .......
........#.# .......
.......#### #>.....
.#....## #..... .(....#
..... ......# P.... .#.#...


You could see Rupert (berserk, ally target) and a friendly ogre (summoned,
berserk).

Vanquished Creatures
  A hydra (Lair:2)
  2 cane toads (Lair:3)
  2 rime drakes (Lair:1)
  4 komodo dragons
  2 polar bears
  7 yaks
  2 basilisks
  5 water moccasins
  A black bear (Lair:2)
  A sky beast (D:8)
  2 ice beasts
  A hornet zombie (D:7)
  An ogre (D:5)
  6 wolves (Lair:2)
  A phantom (D:5)
  A centaur (D:8)
  3 kobold brigands
  A gnoll sergeant (D:8)
  7 bullfrogs
  2 scorpions
  3 wights (D:7)
  3 centaur zombies
  A bullfrog zombie (D:5)
  2 orc priests (D:7)
  3 hounds
  A bullfrog skeleton (D:5)
  A jelly (D:5)
  A centaur skeleton (D:7)
  7 orc wizards
  4 iguanas
  A hound skeleton (D:5)
  3 gnolls (D:8)
  8 adders
  2 howler monkey skeletons
  A shadow imp (D:6)
  3 worms (D:3)
  A dart slug (D:2)
  17 orcs
  3 ball pythons
  10 endoplasms
  5 giant cockroaches
  7 goblins
  A hobgoblin (D:1)
  6 quokkas
  3 bats
  4 frilled lizards
  35 kobolds
  11 rats
199 creatures vanquished.

Vanquished Creatures (collateral kills)
  A cyclops (D:8)
  A steam dragon (D:7)
  2 orc warriors
  An orc priest (D:7)
  4 orc wizards (D:7)
  5 orcs
14 creatures vanquished.

Vanquished Creatures (others)
  14 fungi
  12 plants
26 creatures vanquished.

Grand Total: 239 creatures vanquished

Notes
Turn   | Place    | Note
-------+----------+-------------------------------------------
     0 | D:1      | spaghetti the Mummy Berserker began the quest for the Orb.
     0 | D:1      | Reached XP level 1. HP: 18/18 MP: 1/1
   319 | D:1      | Reached skill level 3 in Maces & Flails
   319 | D:1      | Reached XP level 2. HP: 24/24 MP: 2/2
  1606 | D:2      | Reached XP level 3. HP: 26/29 MP: 3/3
  1660 | D:2      | Reached ** piety under Trog
  1759 | D:2      | Found a faded altar of an unknown god.
  2454 | D:3      | Reached XP level 4. HP: 28/35 MP: 4/4
  2794 | D:3      | Found a glowing drain.
  2798 | Sewer    | Entered a sewer
  2846 | Sewer    | Noticed a kobold brigand
  2858 | Sewer    | Killed a kobold brigand
  2859 | Sewer    | Reached XP level 5. HP: 36/41 MP: 5/5
  3093 | Sewer    | Reached *** piety under Trog
  3535 | D:5      | Entered Level 5 of the Dungeon
  3535 | D:5      | Noticed an ice beast
  3839 | D:4      | Reached XP level 6. HP: 35/47 MP: 6/6
  3935 | D:4      | Found a staircase to the Ecumenical Temple.
  4280 | D:4      | Reached skill level 5 in Armour
  4516 | D:5      | Killed an ice beast
  4574 | D:5      | Reached XP level 7. HP: 52/52 MP: 7/7
  4927 | D:5      | Reached **** piety under Trog
  5551 | D:5      | Reached XP level 8. HP: 58/58 MP: 8/8
  5803 | D:6      | Reached skill level 1 in Short Blades
  5827 | D:7      | Reached skill level 4 in Maces & Flails
  6343 | D:7      | Reached skill level 5 in Maces & Flails
  6601 | D:7      | Reached skill level 6 in Maces & Flails
  6816 | D:7      | Reached XP level 9. HP: 47/63 MP: 9/9
  6850 | D:7      | Identified the +10 trident "With Two Names" {chaos, *Slow
                  | rN+++ Int-3 Stlth+}
  7080 | D:8      | Found a staircase to the Lair.
  7081 | D:8      | Noticed a komodo dragon
  7095 | D:8      | Killed a komodo dragon
  7096 | D:8      | Reached skill level 7 in Maces & Flails
  7134 | D:8      | Identified the +8 dagger of the Empty Page {flame, rC+
                  | Will+ rCorr Str+2}
  7447 | D:8      | Reached skill level 8 in Maces & Flails
  7503 | D:8      | Noticed a cyclops
  7504 | D:8      | Killed a cyclops
  7924 | D:8      | Reached skill level 9 in Maces & Flails
  8475 | Lair:1   | Entered Level 1 of the Lair of Beasts
  8475 | Lair:1   | Noticed a polar bear
  8488 | Lair:1   | Killed a polar bear
  8489 | Lair:1   | Reached XP level 10. HP: 61/70 MP: 10/10
  8797 | Lair:1   | Reached skill level 10 in Maces & Flails
  9024 | Lair:1   | Identified a scroll of acquirement
  9025 | Lair:1   | Acquired the +6 kite shield of Daffodils {rElec rF+ Slay+2}
  9611 | Lair:1   | Reached skill level 11 in Maces & Flails
 10119 | Lair:2   | Noticed a five-headed hydra
 10133 | Lair:2   | Killed a five-headed hydra
 10546 | Lair:2   | Reached skill level 12 in Maces & Flails
 10706 | Lair:2   | Found a staircase to the Shoals.
 10742 | Lair:2   | Found a hole to the Spider Nest.
 11219 | Lair:2   | Reached XP level 11. HP: 16/75 MP: 11/11
 12249 | Lair:3   | Reached skill level 1 in Shields
 12367 | Lair:3   | Noticed Rupert
 12373 | Lair:3   | Slain by Rupert

Illustrated notes

Levels and vault maps discovered:
D:1:      kilobyte_arrival_exit_the_forest, layout_rooms, columned_hall_lemuel,
          kennysheep_decorative_pillar
D:2:      layout_loops_cross, shapermc_ecumenical_altar_notcrosses,
          grunt_decor_clamped
D:3:      layout_rooms, gup_sewer_entry_spiral, chequers_hall_statues_corner_a
D:4:      layout_basic, minmay_temple_entry_drinking_statues
D:5:      layout_basic, grunt_ministairs_15
D:6:      minmay_general_purpose_star, layout_loops_ring, ebering_ghost_sewer_d,
          nrook_loot_triangle, grunt_decor_one_mirror,
          minmay_fractal_squares_diagonal_5
D:7:      layout_loops_ring
D:8:      layout_loops_ring, david_lair_shrubbed
D:9:      layout_long_grid, kennysheep_little_box, erik_orc_2
Lair:1:   layout_roguey, portal_ice_cave_rime
Lair:2:   layout_concentric_octagons, elwin_shoals_entry_rocks,
          dummy_spider_entry, lemuel_fruit_tree
Lair:3:   layout_cave_pods, st_stairs_8, uniq_rupert, uniq_gastronok

Skill      XL: |  1  2  3  4  5  6  7  8  9 10 11 |
---------------+----------------------------------+-----
Maces & Flails | 3 6 9 12 | 12.6
Armour         | 2 3 4 5 7 |  7.3
Short Blades   | 2 |  2.1
Shields        | 1 |  1.0
Fighting       | |  3.0
Dodging        | |  1.5

Action                   |  1- 3 |  4- 6 |  7- 9 | 10-12 || total
-------------------------+-------+-------+-------+-------++-------
Melee: Mace              |    71 |       |       |       ||    71
       Short sword       |    26 |   203 |   123 |       ||   352
       Morningstar       |       |       |   200 |   190 ||   390
Invok: Brothers in Arms  |       |       |     4 |     1 ||     5
       Trog's Hand       |       |       |     1 |     1 ||     2
Evoke: Wand              |       |       |     5 |     2 ||     7
  Use: Scroll            |       |       |     7 |     3 ||    10
 Stab: Sleeping          |     1 |     3 |       |       ||     4
Armor: Animal skin       |    22 |    87 |       |       ||   109
       Plate armour      |       |       |   236 |   142 ||   378
Dodge: Dodged            |    65 |   143 |   260 |    85 ||   553
Block: Kite shield       |       |       |       |    46 ||    46

Table legend: (Time is in decaauts)
 A = Elapsed time spent in this place.
 B = Non-inter-level travel time spent in this place.
 C = Inter-level travel time spent in this place.
 D = Time resting spent in this place.
 E = Time spent auto-exploring this place.
 F = Levels seen in this place.
 G = Mean time per level.
                   A        B        C        D        E       F      G
               +--------+--------+--------+--------+--------+-----+--------+
         Total |  12544 |  12264 |    280 |   3529 |   6864 |  13 |  964.9 |
       Dungeon |   8246 |   8028 |    218 |   2000 |   4697 |   9 |  916.2 |
          Lair |   3906 |   3844 |     62 |   1529 |   1920 |   3 | 1302.0 |
         Sewer |    391 |    391 |      0 |      0 |    246 |   1 |  391.0 |
               +--------+--------+--------+--------+--------+-----+--------+

Top non-repeatable levels by time:
  Lair:1: 1635 daAuts
  Lair:2: 1608 daAuts
     D:1: 1592 daAuts
     D:8: 1398 daAuts
     D:5: 1285 daAuts
     D:7: 1276 daAuts
     D:3: 1160 daAuts
     D:4: 766 daAuts
     D:2: 708 daAuts
  Lair:3: 662 daAuts
   Sewer: 391 daAuts
     D:6: 50 daAuts
     D:9: 6 daAuts
